[ AOE2 MATCH · #476808317 ]
Team RMBohemians vs Britons
[ REPLAY ANALYSIS · EXTRACTED FROM THE RECORDED GAME ]
Feudal
—
Castle
—
Imperial
—
| APM avg | 51.3 |
| APM peak | 75 |
| eAPM avg | 11.2 |
| Villagers / military | 5 / 0 |
Focus
⚔️ 0.0% · 🌾 100.0%
Feudal
—
Castle
—
Imperial
—
| APM avg | 24.0 |
| APM peak | 35 |
| eAPM avg | 7.9 |
| Villagers / military | 6 / 0 |
Focus
⚔️ 29.4% · 🌾 70.6%
Feudal
—
Castle
—
Imperial
—
| APM avg | 52.6 |
| APM peak | 58 |
| eAPM avg | 12.8 |
| Villagers / military | 9 / 0 |
Focus
⚔️ 12.5% · 🌾 87.5%
Feudal
—
Castle
—
Imperial
—
| APM avg | 62.9 |
| APM peak | 82 |
| eAPM avg | 11.6 |
| Villagers / military | 6 / 0 |
Focus
⚔️ 0.0% · 🌾 100.0%
Feudal
—
Castle
—
Imperial
—
| APM avg | 37.3 |
| APM peak | 49 |
| eAPM avg | 12.8 |
| Villagers / military | 4 / 0 |
Focus
⚔️ 23.5% · 🌾 76.5%
Feudal
—
Castle
—
Imperial
—
| APM avg | 72.5 |
| APM peak | 94 |
| eAPM avg | 18.2 |
| Villagers / military | 7 / 0 |
Focus
⚔️ 20.0% · 🌾 80.0%
Feudal
—
Castle
—
Imperial
—
| APM avg | 67.9 |
| APM peak | 77 |
| eAPM avg | 2.9 |
| Villagers / military | 2 / 0 |
Focus
⚔️ 0.0% · 🌾 100.0%
Feudal
—
Castle
—
Imperial
—
| APM avg | 62.5 |
| APM peak | 74 |
| eAPM avg | 14.9 |
| Villagers / military | 5 / 0 |
Focus
⚔️ 30.0% · 🌾 70.0%
Match map
Initial resources + every placement click. Lines = walls · curves = elevation contours. ◆ gold · ⬟ stone · ● berries · ✦ relic · ◌ wall gap
Your base
Getsuga Tensho's base
菜菜虎's base
liwenbin's base
wEEBER's base
菜就多练's base
Simplemente Amate's base
痛苦小果's base
Smoothed initial terrain · ◌ = detected wall gap · hover for details
Inputs per minute
— vindonissa - - Getsuga Tensho
Build order — vindonissa
6 actions detected in the replay
| 0:26 | Build | Town Center |
| 1:37 | Create | Villager (Male) |
| 1:37 | Create | Villager (Male) |
| 1:37 | Create | Villager (Male) |
| 1:54 | Create | Villager (Male) |
| 1:55 | Create | Villager (Male) |
Build order — Getsuga Tensho
7 actions detected in the replay
| 0:05 | Build | Town Center |
| 1:07 | Create | Villager (Male) |
| 1:07 | Create | Villager (Male) |
| 1:52 | Create | Villager (Male) |
| 1:52 | Create | Villager (Male) |
| 1:53 | Create | Villager (Male) |
| 1:53 | Create | Villager (Male) |
Build order — 菜菜虎
11 actions detected in the replay
| 0:05 | Build | Town Center |
| 1:07 | Create | Villager (Male) |
| 1:07 | Create | Villager (Male) |
| 1:07 | Create | Villager (Male) |
| 1:12 | Create | Villager (Male) |
| 1:12 | Create | Villager (Male) |
| 1:40 | Create | Villager (Male) |
| 1:40 | Create | Villager (Male) |
| 2:05 | Build | Lumber Camp |
| 2:06 | Create | Villager (Male) |
| 2:06 | Create | Villager (Male) |
Build order — liwenbin
7 actions detected in the replay
| 0:16 | Build | Town Center |
| 1:17 | Create | Villager (Male) |
| 1:17 | Create | Villager (Male) |
| 1:17 | Create | Villager (Male) |
| 1:18 | Create | Villager (Male) |
| 1:54 | Create | Villager (Male) |
| 1:54 | Create | Villager (Male) |
Build order — wEEBER
6 actions detected in the replay
| 0:03 | Build | Town Center |
| 1:05 | Create | Villager (Male) |
| 1:05 | Create | Villager (Male) |
| 1:05 | Create | Villager (Male) |
| 1:07 | Create | Villager (Male) |
| 1:41 | Build | Lumber Camp |
Build order — 菜就多练
8 actions detected in the replay
| 0:03 | Build | Town Center |
| 1:05 | Create | Villager (Male) |
| 1:05 | Create | Villager (Male) |
| 1:05 | Create | Villager (Male) |
| 1:26 | Create | Villager (Male) |
| 1:27 | Create | Villager (Male) |
| 2:12 | Create | Villager (Male) |
| 2:13 | Create | Villager (Male) |
Build order — Simplemente Amate
3 actions detected in the replay
| 1:11 | Build | Town Center |
| 2:13 | Create | Villager (Male) |
| 2:13 | Create | Villager (Male) |
Build order — 痛苦小果
7 actions detected in the replay
| 0:08 | Build | Town Center |
| 1:14 | Create | Villager (Male) |
| 1:14 | Create | Villager (Male) |
| 1:15 | Create | Villager (Male) |
| 1:39 | Create | Villager (Male) |
| 1:40 | Create | Villager (Male) |
| 2:15 | Build | Lumber Camp |
Match timeline
| 2:02 | wEEBER · resign |
[ AI ANALYSIS · 1 CREDIT ]
What really happened in this match?
Wolo.gg analyzes every decision: build order, eco, micro, common mistakes by bracket. Personalized analysis on WhatsApp or Discord in 30 seconds.
Civ guide
Bohemians
Map guide
Steppe
Perfil
Jugador #1305497